 Dungeon Crawl Stone Soup version 0.23.2-40-g277498a001 (webtiles) character file.

Game seed: 13546855311909821714

1908 Destapler the Ruffian (level 8, -1/79 HPs)
             Began as a Troll Fighter on Aug 31, 2019.
             Was an Initiate of Uskayaw.
             Slain by a wight
             ... wielding a +3 mace
              (4 damage)
             ... on level 6 of the Dungeon.
             The game lasted 00:19:13 (5432 turns).

Destapler the Ruffian (Troll Fighter)               Turns: 5432, Time: 00:19:15

Health: -1/79      AC:  7    Str: 26    XL:     8   Next: 94%
Magic:  6/9        EV:  7    Int:  4    God:    Uskayaw [......]
Gold:   229        SH:  8    Dex: 10    Spells: 7/9 levels left

rFire    . . .     SeeInvis .     - Unarmed
rCold    . . .     Gourm    +   b - +0 shield
rNeg     . . .     Faith    .   a - +0 robe
rPois    .         Spirit   .   (helmet restricted)
rElec    .         Reflect  .   m - +0 cloak
rCorr    .         Harm     .   (gloves unavailable)
MR       .....                  (boots unavailable)
Stlth    +.........             (no amulet)
HPRegen  0.63/turn              (no ring)
MPRegen  0.11/turn              (no ring)

@: very heavily drained
A: large, unfitting armour, claws 3, fast metabolism 3, gourmand, regeneration
1, shaggy fur 1, tough skin 3
a: Renounce Religion


You were on level 6 of the Dungeon.
You worshipped Uskayaw.
Uskayaw was noncommittal.
You were not hungry.

You visited 2 branches of the dungeon, and saw 8 of its levels.

You collected 319 gold pieces.
You spent 90 gold pieces at shops.

Inventory:

Missiles
 f - 161 stones (quivered)
 k - 9 tomahawks
Armour
 a - a +0 robe (worn)
 b - a +0 shield (worn)
 m - a +0 cloak (worn)
 x - a scarf of cloud immunity
Wands
 c - a wand of flame (8)
 v - a wand of disintegration (8)
Scrolls
 g - 6 scrolls of identify {unknown}
 i - 2 scrolls of noise {unknown}
 j - a scroll of fear {unknown}
 o - a scroll of magic mapping {unknown}
 q - 2 scrolls of enchant armour {unknown}
 r - 4 scrolls of remove curse {unknown}
 s - a scroll of fog {unknown}
 t - a scroll of teleportation {unknown}
 u - 2 scrolls of enchant weapon {unknown}
Potions
 e - 5 potions of curing
 h - a potion of mutation {unknown}
 l - a potion of lignification {unknown}
 n - a potion of flight {unknown}
 p - a potion of resistance
 w - a potion of heal wounds
Comestibles
 d - 11 rations


   Skills:
 + Level 4.8(1.8) Fighting
 + Level 4.8(1.8) Dodging
 + Level 4.9(1.9) Shields
 + Level 5.4(2.3) Unarmed Combat
 - Level 1.0(0.0) Spellcasting
 * Level 1.8(0.0) Translocations
 * Level 3.6(0.7) Invocations


You had 7 spell levels left.
You knew the following spells:

 Your Spells              Type           Power        Failure   Level  Hunger
b - Blink                 Tloc           N/A          98%         2    ###....

Your spell library contained the following spells:

 Spells                   Type           Power        Failure   Level  Hunger
 Confusing Touch          Hex            #.....       95%         1    ##.....
 Magic Dart               Conj           #...         95%         1    ##.....
 Call Imp                 Summ           #.......     98%         2    ###....
 Slow                     Hex            #.......     98%         2    ###....
 Confuse                  Hex            #.......     100%        3    ####...
 Conjure Flame            Conj/Fire      #.......     100%        3    ####...
 Gell's Gravitas          Tloc           #.........   100%        3    ####...
 Mephitic Cloud           Conj/Pois/Air  #.......     100%        3    ####...
 Petrify                  Tmut/Erth      #.......     100%        4    #####..
 Metabolic Englaciation   Hex/Ice        #.........   100%        5    ######.
 Yara's Violent Unravell  Hex/Tmut       #.........   100%        5    ######.


Dungeon Overview and Level Annotations

Branches:
Dungeon (7/15)             Temple (1/1) D:4

Altars:
Ashenzari
Cheibriados
Dithmenos
Elyvilon
Fedhas
Gozag
Hepliaklqana
Kikubaaqudgha
Makhleb
Nemelex Xobeh
Okawaru
Qazlal
Ru
Sif Muna
Trog
Uskayaw
Vehumet
Wu Jian
Xom
Yredelemnul
Zin
The Shining One

Shops:
D:5 !

Annotations:
D:4 2 runed translucent doors, MalarOregon's ghost, amateur GrEE


Innate Abilities, Weirdness & Mutations

You are too large for most types of armour.
You have claws for hands.
Your metabolism is lightning-fast.
You like to eat raw meat.
Your natural rate of healing is unusually fast.
You are covered in fur. (AC +1)
You have extremely tough skin. (AC +3)


Message History

* * * LOW HITPOINT WARNING * * *
You feel drained.
* * * LOW HITPOINT WARNING * * *
You scratch the wight but do no damage.
The wight is severely damaged.
You block the wight's attack.
You closely miss the wight.
The wight is severely damaged.
You block the wight's attack.
The wight hits you with a cursed +0 war axe!
* * * LOW HITPOINT WARNING * * *
You feel drained.
* * * LOW HITPOINT WARNING * * *
You stomp with the beat, sending a shockwave through the revelers around you!
The wight is moderately damaged.
The wight is almost destroyed.
You feel somewhat more hungry.
You can no longer stomp with the beat.
The wight hits you with a +3 mace.
You die...

#.# ######## #.########
#####......# #.#......#
#.......##.# #.#.####.#
#.###.#.##># #.#.# #.#
#.###.#.##.#####.#.####.#
#.##..................#.#
#.##..#.##z####....##.#.#
#.##..#.##@#
#.....##.#.###
#.......##z#
##............
####.......#
##.########## #.#######
#.# #.# #.# #.# ##'## #.#
##...## #.### ##.....##
## #.#.## ##.......## ##.


You could see 2 wights.

Vanquished Creatures
  Eustachio (D:5)
  Duvessa (D:5)
  An ice beast (D:6)
  A sky beast (D:5)
  3 ogres
  A big kobold (D:7)
  A bullfrog (D:5)
  Dowan (D:5)
  A howler monkey (D:4)
  3 crimson imps
  2 centaur zombies
  3 hounds
  An orc priest (D:3)
  An orc wizard (D:4)
  A bullfrog skeleton (D:6)
  A centaur skeleton (D:5)
  Terence (D:3)
  3 iguanas (D:4)
  2 worker ants (D:4)
  4 gnolls (D:3)
  7 adders
  2 oozes (D:6)
  An adder skeleton (D:5)
  2 worms (D:2)
  2 dart slugs (D:1)
  2 leopard geckos
  8 orcs
  A ball python (D:2)
  6 bats
  5 giant cockroaches (D:1)
  7 goblins
  9 hobgoblins
  3 quokkas
  4 frilled lizards
  10 kobolds
  5 rats
107 creatures vanquished.

Notes
Turn   | Place    | Note
-------+----------+-------------------------------------------
     0 | D:1      | Destapler the Troll Fighter began the quest for the Orb.
     0 | D:1      | Reached XP level 1. HP: 22/22 MP: 0/0
   171 | D:1      | Reached XP level 2. HP: 29/29 MP: 1/1
   653 | D:1      | Reached XP level 3. HP: 36/36 MP: 2/2
  1096 | D:2      | Found a faded altar of an unknown god.
  1473 | D:2      | Reached XP level 4. HP: 44/44 MP: 3/3
  1855 | D:3      | Reached skill level 3 in Unarmed Combat
  1887 | D:3      | Noticed Terence
  1925 | D:3      | Killed Terence
  1925 | D:3      | Reached XP level 5. HP: 43/53 MP: 4/4
  2385 | D:4      | Found a runed translucent door.
  2397 | D:4      | Noticed MalarOregon's ghost (amateur GrEE)
  2438 | D:4      | Reached XP level 6. HP: 57/61 MP: 5/5
  2486 | D:4      | Found a runed translucent door.
  2628 | D:4      | Found a staircase to the Ecumenical Temple.
  2651 | Temple   | Entered the Ecumenical Temple
  2852 | Temple   | Became a worshipper of Uskayaw the Reveler
  2960 | D:4      | Reached * piety under Uskayaw
  3007 | D:4      | Reached skill level 4 in Unarmed Combat
  3007 | D:4      | Reached ** piety under Uskayaw
  3346 | D:4      | Reached XP level 7. HP: 52/68 MP: 2/6
  3453 | D:5      | Entered Level 5 of the Dungeon
  3657 | D:5      | Noticed Duvessa
  3658 | D:5      | Noticed Dowan
  3670 | D:5      | Killed Duvessa
  3673 | D:5      | Reached *** piety under Uskayaw
  3678 | D:5      | Killed Dowan
  3762 | D:5      | Found Leceev's Distillery.
  3765 | D:5      | Bought a potion of degeneration for 15 gold pieces
  3765 | D:5      | Bought a potion of heal wounds for 75 gold pieces
  3812 | D:5      | Reached skill level 1 in Invocations
  3886 | D:5      | Found an ancient bone altar of Kikubaaqudgha.
  3917 | D:5      | Found a snail-covered altar of Cheibriados.
  3992 | D:5      | Reached XP level 8. HP: 75/79 MP: 8/8
  4035 | D:5      | Noticed Eustachio
  4053 | D:5      | Killed Eustachio
  4053 | D:5      | Reached skill level 5 in Unarmed Combat
  4444 | D:5      | Learned a level 2 spell: Blink
  4516 | D:6      | Reached skill level 1 in Translocations
  4712 | D:6      | Reached skill level 1 in Spellcasting
  5431 | D:6      | HP: 2/79 [wight/cursed +0 war axe (6)]
  5432 | D:6      | Slain by a wight

Skill      XL: |  1  2  3  4  5  6  7  8 |
---------------+-------------------------+-----
Shields        | 3 4 |  4.9
Fighting       | 3 4 |  4.8
Dodging        | 3 4 |  4.8
Unarmed Combat | 3 4 5 |  5.4
Invocations    | 1 3 |  3.6
Translocations | 1 |  1.8
Spellcasting   | 1 |  1.0

Action                   |  1- 3 |  4- 6 |  7- 9 || total
-------------------------+-------+-------+-------++-------
Melee: Unarmed           |   130 |   123 |   152 ||   405
Throw: Stone             |       |     6 |     1 ||     7
Invok: Stomp             |       |     2 |     5 ||     7
       Line Pass         |       |       |     1 ||     1
  Use: Potion            |       |     2 |     1 ||     3
 Stab: Sleeping          |     1 |     1 |       ||     2
       Paralysed         |       |       |     1 ||     1
  Eat: Chunk             |    18 |    19 |     9 ||    46
       Ration            |       |       |     1 ||     1
Armor: Robe              |    50 |    27 |    36 ||   113
Dodge: Dodged            |    47 |    32 |    41 ||   120
Block: Shield            |    64 |    64 |    64 ||   192
